 Dungeon Crawl Stone Soup version bcrawl-1.41.1 (webtiles) character file.

Game seed: 5115484155113452551

170811 Grimmash the Sneak (level 5, 10/53 HPs)
             Began as an Ent Archaeologist on Apr 19, 2024.
             Quit the game on level 3 of the Dungeon.
             The game lasted 00:04:05 (1785 turns).

Grimmash the Sneak (Ent Archaeologist)              Turns: 1785, Time: 00:04:06

Health: 10/53      AC: 13    Str: 19    XL:     5   Next: 2%
Magic:  6/6        EV: 10    Int: 15    God:
Gold:   137        SH:  0    Dex:  8    Spells: 6/6 levels left

rFire    + . .     GDR:     29% a - +0 whip
rCold    + . .     SeeInvis .   (no shield)
rNeg     + + +     Gourm    .   (armour unavailable)
rPois    +         Faith    .   c - +1 hat
rElec    .         Spirit   .   f - scarf {rC+ rF+}
rCorr    .         Reflect  .   (gloves unavailable)
MR       .....                  (boots unavailable)
Stlth    ++........             (no amulet)
HPRegen  0.18/turn              (no ring)
MPRegen  0.10/turn              (no ring)

@: very slow
A: large, slow actions, passwall, strong branches, negative energy resistance 3,
poison resistance, slow metabolism 1, torment resistance, unbreathing, AC +12
a: Passwall


You were on level 3 of the Dungeon.
You were hungry.

You visited 1 branch of the dungeon, and saw 3 of its levels.

You collected 137 gold pieces.

Inventory:

Hand Weapons
 a - a +0 whip (weapon)
 b - a +0 blowgun
Missiles
 d - 6 curare-tipped needles
Armour
 c - a +1 hat (worn)
 f - a scarf of resistance (worn)
Wands
 t - a wand of digging (8)
Scrolls
 g - 3 scrolls of revelation
 i - 3 scrolls of identify
 k - a scroll of blinking {unknown}
 l - a scroll of amnesia {unknown}
 o - 5 scrolls of remove curse {unknown}
 p - 2 scrolls of enchant weapon {unknown}
 v - a scroll of enchant armour {unknown}
Potions
 h - 2 potions of lignification {unknown}
 j - a potion of haste {unknown}
 m - a potion of agility {unknown}
 n - a potion of magic {unknown}
 q - a potion of resistance {unknown}
 r - a potion of mutation {unknown}
 s - a potion of flight {unknown}
 w - a potion of might {unknown}
Comestibles
 e - 5 rations {!d}
 u - 2 chunks of flesh


   Skills:
 * Level 2.2 Fighting
 * Level 2.8 Maces & Flails
 * Level 3.7 Dodging
 + Level 4.2 Stealth
 * Level 1.0 Spellcasting
 * Level 1.1 Evocations


You had 6 spell levels left.
You didn't know any spells.
Your spell library contained the following spells:

 Spells                   Type           Power        Failure   Level  Hunger
 Cause Fear               Hex            #.........   94%         4    ######.
 Bolt of Fire             Conj/Fire      #.........   100%        6    #######
 Dragon's Call            Summ           #.........   100%        9    #######
 Fire Storm               Fire           #.........   100%        9    #######
 Dragon Form              Tmut           Unusable     N/A         7    N/A

Dungeon Overview and Level Annotations

Branches:
Dungeon (3/12)

Altars:


Innate Abilities, Weirdness & Mutations

You move and act slowly.
You can pass through walls and trees.
Your branches can wield two-handed weapons with a shield.
Your thick bark is tough. (AC +12)
You are too large for most types of armour.
You are immune to negative energy. (rN+++)
Your system is resistant to poisons. (rPois)
You have a slow metabolism.
You are immune to unholy pain and torment.
You can survive without breathing.


Message History

No path to travel!
You are too injured to fight recklessly!
No path to travel!
You are too injured to fight recklessly!
No path to travel!
You are too injured to fight recklessly!
No path to travel!
You closely miss the iguana.
The iguana is lightly wounded.
The iguana bites you.
You hit the iguana.
The iguana is lightly wounded.
The iguana bites you!
* * * LOW HITPOINT WARNING * * *
You hit the iguana but do no damage.
The iguana is lightly wounded.
The iguana bites you.
* * * LOW HITPOINT WARNING * * *
The iguana closely misses you.
Are you sure you want to abandon this character and quit the game? (Confirm with "yes".)

#..........##......#.#..
#..........###..........
#..........# #.#.###.#.
#..........# #.#.<# .#
###.......# #.#..##.#
#.......# #.#.....#
#.......# #.#.....#
.....###.##....#..
......l@.....(.....
.....###.##....##... ...
.....#........ .
#.#...#.#.#....
.......#.#.#... ...
......#.# ..
#.r........# #.#
....##.#


You could see an iguana.

Vanquished Creatures
  A worker ant (D:3)
  2 adders
  An ooze (D:1)
  3 worms
  3 dart slugs
  3 leopard geckos (D:2)
  An orc (D:2)
  4 giant cockroaches
  6 goblins
  5 hobgoblins
  8 jackals
  13 kobolds
  A quokka (D:3)
  3 ball pythons
  10 bats
  3 frilled lizards
  8 rats
75 creatures vanquished.

Notes
Turn   | Place    | Note
-------+----------+-------------------------------------------
     0 | D:1      | Grimmash the Ent Archaeologist began the quest for the Orb.
     0 | D:1      | Reached XP level 1. HP: 21/21 MP: 1/1
    38 | D:1      | Reached XP level 2. HP: 29/29 MP: 2/2
   196 | D:1      | Reached skill level 4 in Stealth
   288 | D:1      | Reached XP level 3. HP: 37/37 MP: 3/3
   949 | D:2      | Reached XP level 4. HP: 45/46 MP: 4/4
  1584 | D:3      | Reached skill level 1 in Evocations
  1679 | D:3      | Reached skill level 1 in Spellcasting
  1695 | D:3      | Reached XP level 5. HP: 47/53 MP: 6/6
  1695 | D:3      | Identified a scroll of acquirement
  1706 | D:3      | Identified the +2 lajatang "Miulusys" {slice, rC+ Str+2}
                  | (You acquired it on level 3 of the Dungeon)
  1706 | D:3      | Identified the Guide on the Volcanoes (You acquired it on
                  | level 3 of the Dungeon)
  1785 | D:3      | Quit the game

Skill      XL: |  1  2  3  4 |
---------------+-------------+-----
Dodging        | 3 |  3.7
Stealth        | 4 |  4.2
Fighting       | 2 |  2.2
Maces & Flails | 2 |  2.8
Evocations     | 1 |  1.1
Spellcasting   | 1 |  1.0

Action                   |  1- 3 |  4- 6 || total
-------------------------+-------+-------++-------
Melee: Whip              |   207 |   149 ||   356
  Use: Scroll            |       |     1 ||     1
 Stab: Sleeping          |     6 |     1 ||     7
  Eat: Chunk             |     6 |     6 ||    12
Armor: Skin              |   188 |   157 ||   345
Dodge: Dodged            |   192 |   195 ||   387
